PAA
AKRON BLIMPS @ ITHACA FIGHTING IMPS
06/21/2042
 
TOP OF THE 1ST
Akron Blimps batting - Pitching for Ithaca Fighting Imps : LHP Luis Matos
Pitching: LHP Luis Matos
Batting: RHB Ju-ho Ko 0-0: Called Strike
0-1: Swinging Strike
0-2: Ball
1-2: Strikes out looking
Batting: LHB Octávio Obezo 0-0: SINGLE (Groundball, 6M, EV 80.0 MPH) (infield hit)
Batting: LHB Leonardo Sánchez 0-0: Ball
1-0: Called Strike
1-1: Hit by Pitch
Octávio Obezo to second
Batting: LHB Numberto Pencíl 0-0: Foul Ball, location: 2F
0-1: Called Strike
0-2: Ball
1-2: Ball
2-2: Strikes out looking
Batting: RHB Dave Hill 0-0: Swinging Strike
0-1: Ball
1-1: Ball
2-1: DOUBLE (Groundball, 5L, EV 96.9 MPH)
Octávio Obezo scores
Leonardo Sánchez to third
Batting: RHB Alohinani Puanani 0-0: Foul Ball, location: 2F
0-1: Called Strike
0-2: Ball
1-2: Ball
2-2: Foul Ball, location: 2F
2-2: Ground out 3-1 (Groundball, 34S, EV 65.6 MPH)
Top of the 1st over - 1 run, 2 hits, 0 errors, 2 left on base; Akron 1 - Ithaca 0
BOTTOM OF THE 1ST
Ithaca Fighting Imps batting - Pitching for Akron Blimps : RHP Rob Butler
Pitching: RHP Rob Butler
Batting: RHB Daryl Pethick 0-0: Ball
1-0: Fly out, F8 (Flyball, 8LD, EV 90.0 MPH)
Batting: LHB Pedro Gonzáles 0-0: Ball
1-0: Called Strike
1-1: SINGLE (Groundball, 4MD, EV 109.4 MPH)
Batting: RHB Aloysius Szymanski 0-0: Ball
1-0: Called Strike
1-1: Reached on error, E6 (Groundball, 6, EV 83.8 MPH)
Pedro Gonzáles to second
Batting: SHB Paul Wood 0-0: Foul Ball, location: 2F
0-1: Swinging Strike
0-2: Strikes out swinging
Batting: LHB Robbie Care 0-0: Ball
1-0: Ball
2-0: Ball
3-0: Called Strike
3-1: Base on Balls
Pedro Gonzáles to third
Aloysius Szymanski to second
Batting: LHB Jimmy Wilcox 0-0: Ball
1-0: Fielders Choice at 2nd, 5-4 (Groundball, 5, EV 89.4 MPH)
Bottom of the 1st over - 0 runs, 1 hit, 1 error, 3 left on base; Akron 1 - Ithaca 0
TOP OF THE 2ND
Akron Blimps batting - Pitching for Ithaca Fighting Imps : LHP Luis Matos
Batting: RHB John Jackson 0-0: SINGLE (Line Drive, 8RS, EV 100.0 MPH)
Batting: SHB Salvador Berrocal 0-0: Foul Ball, location: 2F
0-1: Swinging Strike
0-2: Ball
1-2: Strikes out looking
Batting: RHB Hun-hyeon Kang 0-0: Foul Ball, location: 2F
0-1: Called Strike
0-2: Ball
1-2: Foul Ball, location: 2F
1-2: Ball
2-2: Strikes out swinging
Batting: RHB Ju-ho Ko 0-0: Ball
1-0: Ball
2-0: Ball
3-0: Base on Balls
John Jackson to second
Batting: LHB Octávio Obezo 0-0: Called Strike
0-1: Called Strike
0-2: Ball
1-2: Ground out U3 (Groundball, 3, EV 84.4 MPH)
Top of the 2nd over - 0 runs, 1 hit, 0 errors, 2 left on base; Akron 1 - Ithaca 0
BOTTOM OF THE 2ND
Ithaca Fighting Imps batting - Pitching for Akron Blimps : RHP Rob Butler
Batting: RHB J.J. Holmes 0-0: SINGLE (Groundball, 56D, EV 105.0 MPH)
Batting: RHB Everett Garland 0-0: Ball
1-0: Ball
2-0: Foul Ball, location: 2F
2-1: Foul Ball, location: 2F
2-2: Ball
3-2: Fly out, F9 (Flyball, 89M, EV 79.4 MPH)
Batting: RHB Pedro Costa 0-0: Called Strike
0-1: Foul Ball, location: 2F
0-2: Foul Ball, location: 2F
0-2: Strikes out looking
Batting: RHB Daryl Pethick 0-0: Ball
1-0: Ball
2-0: Foul Ball, location: 2F
2-1: Foul Ball, location: 2F
2-2: SINGLE (Flyball, 4D, EV 88.8 MPH)
J.J. Holmes to second
Batting: LHB Pedro Gonzáles 0-0: Ball
1-0: Called Strike
1-1: Foul Ball, location: 2F
1-2: Foul Ball, location: 2F
1-2: Fly out, F9 (Flyball, 9S, EV 89.4 MPH)
Bottom of the 2nd over - 0 runs, 2 hits, 0 errors, 2 left on base; Akron 1 - Ithaca 0
TOP OF THE 3RD
Akron Blimps batting - Pitching for Ithaca Fighting Imps : LHP Luis Matos
Batting: LHB Leonardo Sánchez 0-0: Ball
1-0: Ball
2-0: Called Strike
2-1: DOUBLE (Line Drive, 89XD, EV 101.9 MPH)
Batting: LHB Numberto Pencíl 0-0: Ball
1-0: Foul Ball, location: 2F
1-1: Ball
2-1: Swinging Strike
2-2: Ground out 4-3 (Groundball, 4M, EV 89.4 MPH)
Leonardo Sánchez to third
Batting: RHB Dave Hill 0-0: Ball
1-0: Ball
2-0: Called Strike
2-1: SINGLE (Groundball, 5D, EV 95.6 MPH)
Leonardo Sánchez scores
Batting: RHB Alohinani Puanani 0-0: Foul Ball, location: 2F
0-1: Ball
1-1: Fly out, F9 (Flyball, 89D, EV 97.5 MPH)
Batting: RHB John Jackson 0-0: Reached on error, E5 (Groundball, 56, EV 95.6 MPH)
Dave Hill to second
Batting: SHB Salvador Berrocal 0-0: Foul Ball, location: 2F
0-1: Ball
1-1: Ball
2-1: Fly out, F7 (Flyball, 7LS, EV 74.4 MPH)
Top of the 3rd over - 1 run, 2 hits, 1 error, 2 left on base; Akron 2 - Ithaca 0
BOTTOM OF THE 3RD
Ithaca Fighting Imps batting - Pitching for Akron Blimps : RHP Rob Butler
Pitching: RHP Ellis Huntley
Batting: RHB Aloysius Szymanski 0-0: Called Strike
0-1: Ball
1-1: Called Strike
1-2: Ball
2-2: Strikes out swinging
Batting: SHB Paul Wood 0-0: Swinging Strike
0-1: Called Strike
0-2: Ball
1-2: Strikes out swinging
Batting: LHB Robbie Care 0-0: Swinging Strike
0-1: Ball
1-1: Foul Ball, location: 2F
1-2: Foul Ball, location: 2F
1-2: Foul Ball, location: 2F
1-2: Strikes out swinging
Bottom of the 3rd over - 0 runs, 0 hits, 0 errors, 0 left on base; Akron 2 - Ithaca 0
TOP OF THE 4TH
Akron Blimps batting - Pitching for Ithaca Fighting Imps : LHP Luis Matos
Batting: RHB Hun-hyeon Kang 0-0: Ball
1-0: Called Strike
1-1: Ball
2-1: Foul Ball, location: 2F
2-2: Fly out, F8 (Flyball, 78M, EV 88.8 MPH)
Batting: RHB Ju-ho Ko 0-0: Fly out, F8 (Line Drive, 8LM, EV 95.0 MPH)
Batting: LHB Octávio Obezo 0-0: Foul Ball, location: 2F
0-1: Swinging Strike
0-2: Ball
1-2: Foul Ball, location: 2F
1-2: Foul Ball, location: 2F
1-2: Strikes out swinging
Top of the 4th over - 0 runs, 0 hits, 0 errors, 0 left on base; Akron 2 - Ithaca 0
BOTTOM OF THE 4TH
Ithaca Fighting Imps batting - Pitching for Akron Blimps : RHP Ellis Huntley
Batting: LHB Jimmy Wilcox 0-0: Ground out 6-3 (Groundball, 6MS, EV 70.6 MPH)
Batting: RHB J.J. Holmes 0-0: Foul Ball, location: 2F
0-1: Swinging Strike
0-2: Ball
1-2: Ball
2-2: Ball
3-2: Strikes out looking
Batting: RHB Everett Garland 0-0: Foul Ball, location: 2F
0-1: Called Strike
0-2: Ball
1-2: Strikes out swinging
Bottom of the 4th over - 0 runs, 0 hits, 0 errors, 0 left on base; Akron 2 - Ithaca 0
TOP OF THE 5TH
Akron Blimps batting - Pitching for Ithaca Fighting Imps : LHP Luis Matos
Batting: LHB Leonardo Sánchez 0-0: Ball
1-0: Ball
2-0: SINGLE (Groundball, 34D, EV 111.2 MPH)
Batting: LHB Numberto Pencíl 0-0: Ball
1-0: Ball
2-0: Ball
3-0: Called Strike
3-1: Foul Ball, location: 2F
3-2: Strikes out swinging
Batting: RHB Dave Hill 0-0: Swinging Strike
0-1: Ball
1-1: Swinging Strike
1-2: Strikes out looking
Batting: RHB Alohinani Puanani 0-0: Ball
1-0: Foul Ball, location: 2F
1-1: Foul Ball, location: 2F
1-2: Strikes out swinging
Top of the 5th over - 0 runs, 1 hit, 0 errors, 1 left on base; Akron 2 - Ithaca 0
BOTTOM OF THE 5TH
Ithaca Fighting Imps batting - Pitching for Akron Blimps : RHP Ellis Huntley
Batting: RHB Pedro Costa 0-0: Foul Ball, location: 2F
0-1: Foul Ball, location: 2F
0-2: SINGLE (Flyball, 8RS, EV 93.8 MPH)
Batting: RHB Daryl Pethick 0-0: Ball
1-0: Bunted foul
1-1: Ball
2-1: Bunt - Flyout to 2L! F2
Batting: LHB Pedro Gonzáles 0-0: Called Strike
0-1: Grounds into double play, 5-4-3 (Groundball, 5, EV 84.4 MPH)
Bottom of the 5th over - 0 runs, 1 hit, 0 errors, 0 left on base; Akron 2 - Ithaca 0
TOP OF THE 6TH
Akron Blimps batting - Pitching for Ithaca Fighting Imps : LHP Luis Matos
Batting: RHB John Jackson 0-0: Fly out, F7 (Flyball, 7LS, EV 93.1 MPH)
Batting: SHB Salvador Berrocal 0-0: Ball
1-0: Swinging Strike
1-1: Called Strike
1-2: Foul Ball, location: 2F
1-2: Strikes out swinging
Batting: RHB Hun-hyeon Kang 0-0: Called Strike
0-1: Ball
1-1: Ground out 4-3 (Groundball, 4, EV 88.1 MPH)
Top of the 6th over - 0 runs, 0 hits, 0 errors, 0 left on base; Akron 2 - Ithaca 0
BOTTOM OF THE 6TH
Ithaca Fighting Imps batting - Pitching for Akron Blimps : RHP Ellis Huntley
Batting: RHB Aloysius Szymanski 0-0: Called Strike
0-1: SINGLE (Line Drive, 9LM, EV 102.5 MPH)
Batting: SHB Paul Wood 0-0: Swinging Strike
0-1: 2-RUN HOME RUN (Line Drive, 89XD, EV 106.2 MPH), Distance : 422 ft
Batting: LHB Robbie Care 0-0: Called Strike
0-1: Ball
1-1: Ground out U3 (Groundball, 3S, EV 69.4 MPH)
Batting: LHB Jimmy Wilcox 0-0: Ball
1-0: Ground out 6-3 (Groundball, 56D, EV 100.6 MPH)
Batting: RHB J.J. Holmes 0-0: Called Strike
0-1: Swinging Strike
0-2: Ball
1-2: Strikes out swinging
Bottom of the 6th over - 2 runs, 2 hits, 0 errors, 0 left on base; Akron 2 - Ithaca 2
TOP OF THE 7TH
Akron Blimps batting - Pitching for Ithaca Fighting Imps : LHP Luis Matos
Pitching: RHP Marcos Córdova
Batting: RHB Ju-ho Ko 0-0: Ball
1-0: Swinging Strike
1-1: Foul Ball, location: 2F
1-2: Foul Ball, location: 2F
1-2: Strikes out swinging
Batting: LHB Octávio Obezo 0-0: Hit by Pitch
Batting: LHB Leonardo Sánchez 0-0: Ball
1-0: Called Strike
1-1: Swinging Strike
1-2: Strikes out swinging
Batting: LHB Numberto Pencíl 0-0: Called Strike
0-1: Foul Ball, location: 2F
0-2: Strikes out swinging
Top of the 7th over - 0 runs, 0 hits, 0 errors, 1 left on base; Akron 2 - Ithaca 2
BOTTOM OF THE 7TH
Ithaca Fighting Imps batting - Pitching for Akron Blimps : RHP Ellis Huntley
Batting: RHB Everett Garland 0-0: Ball
1-0: SINGLE (Groundball, 6MD, EV 105.6 MPH)
Pitching: LHP Jorge Pagán
Batting: RHB Pedro Costa 0-0: Bunted foul
0-1: Sac Bunt to 15 - play at first, batter OUT! 1-4
Everett Garland to second
Batting: RHB Daryl Pethick 0-0: Intentional Walk
Batting: LHB Pedro Gonzáles 0-0: Called Strike
0-1: Fielders Choice at 2nd, 3-6 (Groundball, 34, EV 83.1 MPH)
Everett Garland to third
Batting: RHB Aloysius Szymanski 0-0: Called Strike
0-1: Foul Ball, location: 2F
0-2: Ball
1-2: Ball
2-2: Strikes out swinging
Bottom of the 7th over - 0 runs, 1 hit, 0 errors, 2 left on base; Akron 2 - Ithaca 2
TOP OF THE 8TH
Akron Blimps batting - Pitching for Ithaca Fighting Imps : RHP Marcos Córdova
Batting: RHB Dave Hill 0-0: Ball
1-0: Swinging Strike
1-1: Swinging Strike
1-2: SINGLE (Groundball, 6D, EV 97.5 MPH)
Batting: RHB Alohinani Puanani 0-0: Foul Ball, location: 2F
0-1: Ball
1-1: Called Strike
1-2: Strikes out swinging
Batting: RHB John Jackson 0-0: Called Strike
0-1: Ball
1-1: Called Strike
1-2: Ball
2-2: SINGLE (Groundball, 4MD, EV 103.1 MPH)
Dave Hill to second
Pinch Runner at 2nd Wessel Dekkers:
Batting: SHB Salvador Berrocal 0-0: Ball
1-0: SINGLE (Flyball, 78S, EV 85.6 MPH)
Wessel Dekkers to third
John Jackson to second
Runner from 3rd tries for Home, SAFE, throw by LF to home
Pinch Runner at 2nd Takahashi Yano:
Batting: RHB Hun-hyeon Kang 0-0: Ball
1-0: Ball
2-0: Ball
3-0: Swinging Strike
3-1: Called Strike
3-2: Strikes out swinging
Batting: RHB Ju-ho Ko 0-0: Ball
1-0: Swinging Strike
1-1: Swinging Strike
1-2: Foul Ball, location: 2F
1-2: Ball
2-2: Fielders Choice at 2nd, 6-4 (Groundball, 6, EV 86.2 MPH)
Top of the 8th over - 1 run, 3 hits, 0 errors, 2 left on base; Akron 3 - Ithaca 2
BOTTOM OF THE 8TH
Ithaca Fighting Imps batting - Pitching for Akron Blimps : LHP Jorge Pagán
Now at 1B: Víctor Martínez
Now at 3B: Mike Fisher
Now in RF: Takahashi Yano
Batting: SHB Paul Wood 0-0: Ball
1-0: Ball
2-0: Called Strike
2-1: Foul Ball, location: 2F
2-2: Ball
3-2: SOLO HOME RUN (Flyball, 7LD, EV 95.6 MPH), Distance : 342 ft
Batting: LHB Robbie Care 0-0: Ball
1-0: Ball
2-0: Fly out, F6 (Line Drive, 6, EV 67.5 MPH)
Batting: LHB Jimmy Wilcox 0-0: Swinging Strike
0-1: Ball
1-1: Swinging Strike
1-2: Foul Ball, location: 2F
1-2: Fly out, F4 (Line Drive, 4, EV 70.6 MPH)
Batting: RHB J.J. Holmes 0-0: Ball
1-0: Called Strike
1-1: Swinging Strike
1-2: Strikes out swinging
Bottom of the 8th over - 1 run, 1 hit, 0 errors, 0 left on base; Akron 3 - Ithaca 3
TOP OF THE 9TH
Akron Blimps batting - Pitching for Ithaca Fighting Imps : RHP Marcos Córdova
Batting: LHB Octávio Obezo 0-0: Fly out, F8 (Flyball, 89D, EV 80.0 MPH)
Batting: LHB Leonardo Sánchez 0-0: Ball
1-0: Ball
2-0: Called Strike
2-1: SINGLE (Line Drive, 7S, EV 97.5 MPH)
Pitching: LHP Jimmy Whitney
Batting: RHB Víctor Martínez 0-0: Ball
1-0: Swinging Strike
1-1: Foul Ball, location: 2F
1-2: Strikes out looking
Batting: LHB Mike Fisher 0-0: SINGLE (Groundball, 4D, EV 98.8 MPH)
Leonardo Sánchez to second
Runner from 2nd tries for 3rd, SAFE, throw by RF made to third
Batting: RHB Alohinani Puanani 0-0: Ball
1-0: Swinging Strike
1-1: Called Strike
1-2: Foul Ball, location: 2F
1-2: Strikes out swinging
Top of the 9th over - 0 runs, 2 hits, 0 errors, 2 left on base; Akron 3 - Ithaca 3
BOTTOM OF THE 9TH
Ithaca Fighting Imps batting - Pitching for Akron Blimps : LHP Jorge Pagán
Pitching: RHP Gypsyamber D'Souza
Pinch Hitting: RHB Carlos Valle 0-0: Called Strike
0-1: Fly out, F2 (Popup, 23F, EV 79.4 MPH)
Pinch Hitting: SHB Claude Long 0-0: Ball
1-0: Foul Ball, location: 2F
1-1: Ball
2-1: Foul Ball, location: 2F
2-2: Foul Ball, location: 2F
2-2: Ball
3-2: Foul Ball, location: 2F
3-2: Fly out, F7 (Flyball, 78M, EV 88.1 MPH)
Batting: RHB Daryl Pethick 0-0: Called Strike
0-1: Ball
1-1: Swinging Strike
1-2: Strikes out swinging
Bottom of the 9th over - 0 runs, 0 hits, 0 errors, 0 left on base; Akron 3 - Ithaca 3
TOP OF THE 10TH
Akron Blimps batting - Pitching for Ithaca Fighting Imps : LHP Jimmy Whitney
Now at C: António Gómez
Now at 2B: Adrián Xirau
Batting: LHB Takahashi Yano 0-0: Ball
1-0: Ball
2-0: Ball
3-0: Called Strike
3-1: Swinging Strike
3-2: Base on Balls
Batting: SHB Salvador Berrocal 0-0: Ball
1-0: Ball
2-0: Called Strike
2-1: Foul Ball, location: 2F
2-2: Foul Ball, location: 2F
2-2: Ball
3-2: Ground out 5-3 (Groundball, 56S, EV 80.0 MPH)
Takahashi Yano to second
Batting: RHB Hun-hyeon Kang 0-0: Swinging Strike
0-1: Ball
1-1: Ground out 5-3 (Groundball, 56S, EV 81.2 MPH)
Batting: RHB Ju-ho Ko 0-0: 2-RUN HOME RUN (Flyball, 7D, EV 87.5 MPH), Distance : 377 ft
Batting: LHB Octávio Obezo 0-0: Ball
1-0: Ball
2-0: Ball
3-0: Called Strike
3-1: Base on Balls
Batting: LHB Leonardo Sánchez 0-0: Ball
1-0: Foul Ball, location: 2F
1-1: Ball
2-1: Ball
3-1: Base on Balls
Octávio Obezo to second
Batting: RHB Víctor Martínez 0-0: Foul Ball, location: 2F
0-1: Fly out, F6 (Popup, 6, EV 70.0 MPH)
Top of the 10th over - 2 runs, 1 hit, 0 errors, 2 left on base; Akron 5 - Ithaca 3
BOTTOM OF THE 10TH
Ithaca Fighting Imps batting - Pitching for Akron Blimps : RHP Gypsyamber D'Souza
Batting: LHB Pedro Gonzáles 0-0: Ball
1-0: Ball
2-0: Ball
3-0: Called Strike
3-1: Foul Ball, location: 2F
3-2: Fly out, F9 (Flyball, 9D, EV 96.2 MPH)
Batting: RHB Aloysius Szymanski 0-0: Ball
1-0: Ball
2-0: Foul Ball, location: 2F
2-1: Foul Ball, location: 2F
2-2: Foul Ball, location: 2F
2-2: Ball
3-2: Foul Ball, location: 2F
3-2: Base on Balls
Batting: SHB Paul Wood 0-0: Swinging Strike
0-1: Ball
1-1: Ball
2-1: Called Strike
2-2: Ball
3-2: Foul Ball, location: 2F
3-2: Base on Balls
Aloysius Szymanski to second
Pitching: RHP Oakland Scanlan
Pinch Runner at 2nd Ted Norman:
Batting: LHB Robbie Care 0-0: Grounds into double play, 6-4-3 (Groundball, 6, EV 87.5 MPH)
Bottom of the 10th over - 0 runs, 0 hits, 0 errors, 1 left on base; Akron 5 - Ithaca 3
Friday, March 26th, 2021 - OOTP Baseball 20.8 Build 74